 Dungeon Crawl Stone Soup version 0.27-a0-819-g058290f16d (webtiles) character file.

Game seed: 13982403717766283922

17 polve the Skirmisher (level 2, -2/24 HPs)
             Began as a Demonspawn Abyssal Knight on Mar 29, 2021.
             Was a Follower of Lugonu.
             Slain by a gnoll
             ... wielding a +0 spear
              (3 damage)
             ... on level 1 of the Dungeon.
             The game lasted 00:00:47 (1445 turns).

polve the Skirmisher (Demonspawn Abyssal Knight)    Turns: 1445, Time: 00:00:48

Health: -2/24      AC:  3    Str: 12    XL:     2   Next: 44%
Magic:  3/3        EV: 11    Int: 13    God:    Lugonu [*.....]
Gold:   40         SH:  0    Dex: 12    Spells: 1/1 levels left

rFire    . . .     SeeInvis .   a - +1 falchion
rCold    . . .     Faith    .   (no shield)
rNeg     . . .     Spirit   .   b - +0 leather armour
rPois    .         Reflect  .   (no helmet)
rElec    .         Harm     .   (no cloak)
rCorr    .         Rampage  .   (no gloves)
Will     .....                  (no boots)
Stlth    +.........             (no amulet)
HPRegen  0.08/turn              (no ring)
MPRegen  0.08/turn              (no ring)

@: no status effects
A: powered by pain 1
a: Renounce Religion, Depart the Abyss


You were on level 1 of the Dungeon.
You worshipped Lugonu.
Lugonu was aware of your devotion.
You visited 1 branch of the dungeon, and saw 1 of its levels.
You visited the Abyss 1 time.

You collected 40 gold pieces.

Inventory:

Hand Weapons
 a - a +1 falchion (weapon)
Armour
 b - a +0 leather armour (worn)
 g - a +0 pair of boots
 h - a scarf of shadows
Scrolls
 e - 2 scrolls of brand weapon {unknown}
Potions
 c - a potion of curing {unknown}
 d - a potion of brilliance {unknown}
 f - 2 potions of haste {unknown}


   Skills:
 - Level 3.0 Fighting
 + Level 2.8 Long Blades
 - Level 1.7 Armour
 - Level 0.8 Dodging
 - Level 2.4 Invocations


You had one spell level left.
You didn't know any spells.
Your spell library was empty.

Dungeon Overview and Level Annotations

Branches:
Dungeon (1/15)

Altars:


Innate Abilities, Weirdness & Mutations

You sometimes gain a little power by taking damage.


Message History

You are too injured to fight recklessly!
You are too injured to fight recklessly!
You are too injured to fight recklessly!
You are too injured to fight recklessly!
You are too injured to fight recklessly!
You are too injured to fight recklessly!
You are too injured to fight recklessly!
You are too injured to fight recklessly!
You are too injured to fight recklessly!
The gnoll hits you from afar with a +0 spear.
The goblin hits you but does no damage.
There is an open door here.
The goblin misses you.
Your leather armour prevents you from hitting the goblin.
The goblin completely misses you.
You riposte.
You hit the goblin.
The goblin is severely wounded.
The hobgoblin barely misses you.
You riposte.
You hit the hobgoblin.
The hobgoblin is severely wounded.
The goblin hits you with a +0 dagger.
The gnoll hits you from afar with a +0 spear.
You miss the goblin.
The goblin is severely wounded.
The goblin closely misses you.
You slash the goblin!
You kill the goblin!
Lugonu accepts your kill. The gnoll closely misses you.
You closely miss the hobgoblin.
The hobgoblin is severely wounded.
The hobgoblin hits you!
* * * LOW HITPOINT WARNING * * *
The gnoll closely misses you.
You hit the hobgoblin.
The hobgoblin is almost dead.
The hobgoblin barely misses you. The gnoll closely misses you.
You slash the hobgoblin!
You kill the hobgoblin!
Lugonu accepts your kill.
The gnoll hits you from afar with a +0 spear.
You die...

###### ######## .....#
#######......# #.##.#
#.......#.#..# #.P♣♣♣♣♣#
#............#
#≈≈≈♣P≈P♣##########.......#.#..##
≈≈≈≈≈≈≈≈♣.......@.'..............
≈P≈≈≈P≈PP#######†##..............
≈≈≈≈P≈≈P≈♣######g##.........#.###
≈≈P≈≈≈≈≈≈≈♣......##.........#.# .
≈≈≈≈≈P.≈≈.♣.####.##.........#.#.#
......≈..........##.........#....
..............##.##.........###.#
.......≈.≈≈≈≈###'##.........# #..
.≈..≈≈≈≈P≈♣♣≈#...........#### #..


You could see a gnoll.

Vanquished Creatures
  6 endoplasms (D:1)
  2 giant cockroaches (D:1)
  A goblin (D:1)
  A hobgoblin (D:1)
  A kobold (D:1)
  A bat (D:1)
  A frilled lizard (D:1)
  3 rats (D:1)
16 creatures vanquished.

Notes
Turn   | Place    | Note
-------+----------+-------------------------------------------
     0 | Abyss:1  | polve the Demonspawn Abyssal Knight began the quest for the
                  | Orb.
     0 | Abyss:1  | Reached XP level 1. HP: 18/18 MP: 2/2
    98 | Abyss:1  | Noticed a small abomination
   108 | Abyss:1  | Noticed a starcursed mass
   114 | D:1      | Escaped the Abyss
   312 | D:1      | Reached * piety under Lugonu
   426 | D:1      | Gained mutation: You sometimes gain a little power by
                  | taking damage. [demonic ancestry]
   426 | D:1      | Reached XP level 2. HP: 24/24 MP: 3/3
  1038 | D:1      | HP: 1/24 [endoplasm/Freeze (4)]
  1443 | D:1      | HP: 1/24 [hobgoblin (7)]
  1445 | D:1      | Slain by a gnoll

Illustrated notes

Levels and vault maps discovered:
D:1:      lightli_arrival_flooded_house, layout_basic, serial_glass,
          glass_columns_c, glass_columns_a, glass_columns_a, glass_columns_a,
          nrook_mini_vaults, serial_bayou_ford_a, evilmike_ruin_ashenzari

Skill      XL: |  1 |
---------------+----+-----
Long Blades    | 2 |  2.8
Fighting       | |  3.0
Armour         | |  1.7
Dodging        | |  0.8
Invocations    | |  2.4

Action                   || total
-------------------------++-------
Melee: Falchion          ||    32
Invok: Depart the Abyss  ||     1
Armor: Leather armour    ||    24
Dodge: Dodged            ||    58
       Rpst.: Falchion   ||    17

Table legend: (Time is in decaauts)
 A = Elapsed time spent in this place.
 B = Non-inter-level travel time spent in this place.
 C = Inter-level travel time spent in this place.
 D = Time resting spent in this place.
 E = Time spent auto-exploring this place.
 F = Levels seen in this place.
 G = Mean time per level.
                   A        B        C        D        E       F      G
               +--------+--------+--------+--------+--------+-----+--------+
         Total |   1461 |   1461 |      0 |      0 |   1190 |   2 |  730.5 |
       Dungeon |   1347 |   1347 |      0 |      0 |   1094 |   1 | 1347.0 |
         Abyss |    114 |    114 |      0 |      0 |     96 |   1 |  114.0 |
               +--------+--------+--------+--------+--------+-----+--------+

Top non-repeatable levels by time:
     D:1: 1347 daAuts
 Abyss:1: 114 daAuts
